 Dungeon Crawl Stone Soup version 0.26-a0-30-g56b8cd3df0 (webtiles) character file.

Game seed: 1973747021840467156, levelgen mode: deterministic

15 vurker the Conjurer (level 2, -4/16 HPs)
             Began as a Deep Elf Conjurer on May 30, 2020.
             Killed by nerve-wracking pain
             ... invoked by a shadow imp
             ... summoned by Natasha
              (14 damage)
             ... on level 2 of the Dungeon.
             The game lasted 00:00:35 (829 turns).

vurker the Conjurer (Deep Elf Conjurer)              Turns: 829, Time: 00:00:36

Health: -4/16      AC:  2    Str:  5    XL:     2   Next: 34%
Magic:  3/8        EV: 13    Int: 19    God:
Gold:   38         SH:  0    Dex: 15    Spells: 7/8 levels left

rFire    . . .     SeeInvis .   c - +0 short sword
rCold    . . .     Gourm    .   (no shield)
rNeg     . . .     Faith    .   a - +0 robe
rPois    .         Spirit   .   (no helmet)
rElec    .         Reflect  .   (no cloak)
rCorr    .         Harm     .   (no gloves)
MR       .....                  (no boots)
Stlth    ++........             (no amulet)
HPRegen  0.05/turn              (no ring)
MPRegen  0.11/turn              (no ring)

@: no status effects
A: no striking features
a: no special abilities


You were on level 2 of the Dungeon.
You were not hungry.

You visited 1 branch of the dungeon, and saw 2 of its levels.

You collected 38 gold pieces.

Inventory:

Hand Weapons
 c - a +0 short sword (weapon)
   (You took it off a kobold on level 1 of the Dungeon)
Armour
 a - a +0 robe (worn)
Scrolls
 b - a scroll of teleportation {unknown}
 d - 2 scrolls of identify {unknown}
 i - a scroll of immolation {unknown}
 k - a scroll of remove curse {unknown}
 m - a scroll of enchant armour {unknown}
Potions
 f - a potion of magic {unknown}
 g - a potion of ambrosia {unknown}
 j - 2 potions of heal wounds {unknown}
 l - a potion of might {unknown}
 n - a potion of degeneration {unknown}
Comestibles
 e - 2 rations


   Skills:
 + Level 0.4 Fighting
 - Level 2.4 Dodging
 - Level 2.4 Stealth
 * Level 3.5 Spellcasting
 * Level 4.7 Conjurations


You had 7 spell levels left.
You knew the following spells:

 Your Spells              Type           Power        Failure   Level  Hunger
a - Magic Dart            Conj           ###.         1%          1    None

Your spell library contained the following spells:

 Spells                   Type           Power        Failure   Level  Hunger
 Searing Ray              Conj           ###...       3%          2    ##.....
 Dazzling Flash           Conj/Hex       ##....       17%         3    ###....
 Fulminant Prism          Conj/Hex       ##........   50%         4    ####...
 Iskenderun's Mystic Bla  Conj/Tloc      ##......     50%         4    ####...


Dungeon Overview and Level Annotations

Branches:
Dungeon (2/15)

Altars:

Annotations:
D:2 Natasha


Message History

You open the door.
There is an open door here.
There is an open door here.
There is an open door here.
There is an open door here.
There is an open door here.
Key pressed, stopping explore.
You can't see any susceptible monsters within range! (Use Z to cast anyway.)
There is an open door here.
Done exploring.
You can't see any susceptible monsters within range! (Use Z to cast anyway.) Done exploring.
You can't see any susceptible monsters within range! (Use Z to cast anyway.) Done exploring.
Done exploring.
You can't see any susceptible monsters within range! (Use Z to cast anyway.)
There is a stone staircase leading down here.
You climb downwards.
A hobgoblin comes into view. It is wielding a +0 club.
Found a worn glass wand.
There is a stone staircase leading up here.
Aim: a hobgoblin, wielding a +0 club (asleep)
The magic dart hits the hobgoblin.
You kill the hobgoblin!
You can't see any susceptible monsters within range! (Use Z to cast anyway.)
You can't see any susceptible monsters within range! (Use Z to cast anyway.) Natasha, Servant of Life and Death comes into view.
Aim: Natasha (asleep)
The magic dart hits Natasha.
Natasha hisses angrily.
Natasha mumbles some strange words.
Aim: Natasha (lightly wounded)
The magic dart hits Natasha.
Natasha stares at you and mumbles some strange words.
The magic dart hits you!
Aim: Natasha (heavily wounded)
The magic dart hits Natasha.
Natasha extends her claws.
Aim: Natasha (severely wounded)
The magic dart hits Natasha.
Natasha casts a spell.
Aim: Natasha (almost dead)
The magic dart hits the white imp.
Natasha casts a spell.
Natasha mumbles some strange words.
Natasha shimmers violently.
The shadow imp lashes its tail.
The shadow imp gestures at you. Pain shoots through your body!
Ouch! That really hurt!
You die...

#.......#
#.....5.#
#....../#
#....h.5#
#.......#
#.......#
##...5...#
###.)......#
.......@...#
##...#######
#..# #.


You could see Natasha, a crimson imp (summoned), a white imp (summoned) and a
shadow imp (summoned).

Vanquished Creatures
  A dart slug (D:1)
  A ball python (D:1)
  A bat (D:1)
  3 hobgoblins
  3 kobolds (D:1)
  3 rats (D:1)
12 creatures vanquished.

Notes
Turn   | Place    | Note
-------+----------+-------------------------------------------
     0 | D:1      | vurker the Deep Elf Conjurer began the quest for the Orb.
     0 | D:1      | Reached XP level 1. HP: 10/10 MP: 6/6
   293 | D:1      | Reached XP level 2. HP: 15/15 MP: 6/8
   822 | D:2      | Noticed Natasha
   827 | D:2      | Noticed a crimson imp
   829 | D:2      | Killed from afar by a shadow imp

Illustrated notes

Levels and vault maps discovered:
D:1:      dpeg_arrival_radiant, layout_basic, dk_noncrumbling_4, eino_curves_03
D:2:      layout_rooms, uniq_natasha

Action                   || total
-------------------------++-------
 Cast: Magic Dart        ||    23
Dodge: Dodged            ||     1

Table legend:
 A = Non-vault XP
 B = Vault XP
 C = Vault XP percentage of total XP
 D = Non-vault monster count
 E = Vault monster count
 F = Vault count percentage of total count
                 A         B        C        D         E       F
            +---------+---------+-------+---------+---------+-------
      Total |      22 |       0 |   0.0 |      12 |       0 |   0.0
            +---------+---------+-------+---------+---------+-------
        D:1 |      20 |       0 |   0.0 |      11 |       0 |   0.0
        D:2 |       2 |       0 |   0.0 |       1 |       0 |   0.0
            +---------+---------+-------+---------+---------+-------
